TOP OF THE 1ST |
Port Royal Disaster batting - Pitching for Texas Bronze Sox : RHP Lewis Carter
|
Pitching: RHP Lewis Carter
|
|
Batting: LHB Gabriel Amezquita
|
0-0: Foul Ball, location: 2F 0-1: Ball 1-1: Foul Ball, location: 2F 1-2: Strikes out swinging
|
Batting: SHB Júlio Morín Jr.
|
0-0: Called Strike 0-1: Ground out 4-3 (Groundball, 34, EV 97.5 MPH)
|
Batting: RHB Anson Darrah
|
0-0: Called Strike 0-1: Ball 1-1: Foul Ball, location: 2F 1-2: Foul Ball, location: 2F 1-2: Foul Ball, location: 2F 1-2: Ball 2-2: Foul Ball, location: 2F 2-2: Foul Ball, location: 2F 2-2: Foul Ball, location: 2F 2-2: Foul Ball, location: 2F 2-2: Strikes out looking
|
Top of the 1st over - 0 runs, 0 hits, 0 errors, 0 left on base; Port Royal 0 - Texas 0 |
BOTTOM OF THE 1ST |
Texas Bronze Sox batting - Pitching for Port Royal Disaster : LHP Domingo Montémayor
|
Pitching: LHP Domingo Montémayor
|
|
Batting: RHB José García
|
0-0: Ground out 5-3 (Groundball, 56, EV 90.6 MPH)
|
Batting: RHB Riley Walker
|
0-0: Called Strike 0-1: Foul Ball, location: 2F 0-2: Fly out, F7 (Flyball, 7LS, EV 85.0 MPH)
|
Batting: RHB Mitsuhide Bando
|
0-0: Fly out, F4 (Popup, 34S, EV 80.6 MPH)
|
Bottom of the 1st over - 0 runs, 0 hits, 0 errors, 0 left on base; Port Royal 0 - Texas 0 |
TOP OF THE 2ND |
Port Royal Disaster batting - Pitching for Texas Bronze Sox : RHP Lewis Carter
|
Batting: RHB Vesa Karpinen
|
0-0: Ball 1-0: Swinging Strike 1-1: Ball 2-1: Foul Ball, location: 2F 2-2: Strikes out looking
|
Batting: SHB Aurelio Jiménez
|
0-0: Ball 1-0: Foul Ball, location: 2F 1-1: Ground out 4-3 (Groundball, 4, EV 82.5 MPH)
|
Batting: RHB Javier López
|
0-0: Ball 1-0: Swinging Strike 1-1: Foul Ball, location: 2F 1-2: Fly out, F9 (Flyball, 9, EV 71.2 MPH)
|
Top of the 2nd over - 0 runs, 0 hits, 0 errors, 0 left on base; Port Royal 0 - Texas 0 |
BOTTOM OF THE 2ND |
Texas Bronze Sox batting - Pitching for Port Royal Disaster : LHP Domingo Montémayor
|
Batting: SHB Barney Heise
|
0-0: Foul Ball, location: 2F 0-1: Ground out 5-3 (Groundball, 5, EV 83.1 MPH)
|
Batting: RHB Mareka Naidoo
|
0-0: Ball 1-0: Ball 2-0: Ball 3-0: Base on Balls
|
Batting: LHB Joe Karnowski
|
0-0: Ball 1-0: Ball 2-0: Called Strike 2-1: 2-RUN HOME RUN (Flyball, 9D, EV 105.6 MPH), Distance : 357 ft
|
Batting: RHB Breanainn Swartwood
|
0-0: Ball 1-0: Ball 2-0: Ball 3-0: Base on Balls
|
Batting: LHB Jayden Laming
|
0-0: Foul Ball, location: 2F 0-1: Foul Ball, location: 2F 0-2: Ball 1-2: Foul Ball, location: 2F 1-2: SINGLE (Flyball, 89S, EV 95.6 MPH) Breanainn Swartwood to second
|
Batting: LHB Santiago Miranda
|
0-0: DOUBLE (Groundball, 3L, EV 102.5 MPH) Breanainn Swartwood scores Jayden Laming to third
|
Batting: RHB José García
|
0-0: Foul Ball, location: 2F 0-1: Ball 1-1: Ball 2-1: Ball 3-1: Ground out 6-3 (Groundball, 6, EV 83.8 MPH) Jayden Laming scores
|
Batting: RHB Riley Walker
|
0-0: Called Strike 0-1: Ball 1-1: Ball 2-1: Swinging Strike 2-2: SINGLE (Groundball, 34D, EV 106.9 MPH) Santiago Miranda to third Runner from 3rd tries for Home, SAFE, no throw by RF
|
Batting: RHB Mitsuhide Bando
|
0-0: Called Strike 0-1: Ground out 5-3 (Groundball, 56S, EV 81.9 MPH)
|
Bottom of the 2nd over - 5 runs, 4 hits, 0 errors, 1 left on base; Port Royal 0 - Texas 5 |
TOP OF THE 3RD |
Port Royal Disaster batting - Pitching for Texas Bronze Sox : RHP Lewis Carter
|
Batting: RHB Ryan Faulkner
|
0-0: Called Strike 0-1: Foul Ball, location: 2F 0-2: Foul Ball, location: 2F 0-2: Strikes out swinging
|
Batting: LHB Ron Stewart
|
0-0: Called Strike 0-1: Ball 1-1: Swinging Strike 1-2: Foul Ball, location: 2F 1-2: Ball 2-2: Ball 3-2: Base on Balls
|
Batting: RHB Sean Roberts
|
0-0: Swinging Strike 0-1: Swinging Strike 0-2: Ball 1-2: Ball 2-2: SINGLE (Flyball, 89S, EV 90.6 MPH) Ron Stewart to second Runner from 2nd tries for 3rd, SAFE, throw by CF made to third
|
Batting: LHB Gabriel Amezquita
|
0-0: Ball 1-0: Called Strike 1-1: Ball Sean Roberts steals 2nd base 2-1: Called Strike 2-2: DOUBLE (Line Drive, 78D, EV 106.2 MPH) Ron Stewart scores Sean Roberts scores
|
Batting: SHB Júlio Morín Jr.
|
0-0: Ball 1-0: Foul Ball, location: 2F 1-1: Ball Wild Pitch! Gabriel Amezquita to third 2-1: SINGLE (Line Drive, 8RS, EV 90.0 MPH) Gabriel Amezquita scores
|
Batting: RHB Anson Darrah
|
0-0: Called Strike 0-1: Ball 1-1: Called Strike 1-2: Strikes out swinging
|
Batting: RHB Vesa Karpinen
|
0-0: Swinging Strike 0-1: Ball 1-1: Foul Ball, location: 2F 1-2: Ball 2-2: Strikes out swinging
|
Top of the 3rd over - 3 runs, 3 hits, 0 errors, 1 left on base; Port Royal 3 - Texas 5 |
BOTTOM OF THE 3RD |
Texas Bronze Sox batting - Pitching for Port Royal Disaster : LHP Domingo Montémayor
|
Batting: SHB Barney Heise
|
0-0: Swinging Strike 0-1: Swinging Strike 0-2: Reached on error, E6 (Groundball, 6, EV 86.9 MPH)
|
Batting: RHB Mareka Naidoo
|
0-0: Foul Ball, location: 2F 0-1: Ball 1-1: Ball 2-1: Foul Ball, location: 2F 2-2: Ball 3-2: Base on Balls Barney Heise to second
|
Batting: LHB Joe Karnowski
|
0-0: Called Strike 0-1: Ball 1-1: Ball 2-1: Ball 3-1: Foul Ball, location: 2F 3-2: Base on Balls Barney Heise to third Mareka Naidoo to second
|
Batting: RHB Breanainn Swartwood
|
0-0: Called Strike 0-1: Ball 1-1: Called Strike 1-2: Strikes out swinging
|
Batting: LHB Jayden Laming
|
0-0: Fly out, F7 (Line Drive, 7LM, EV 106.9 MPH) Runner from 3rd tags up, SCORES, no throw by LF
|
Batting: LHB Santiago Miranda
|
0-0: Swinging Strike 0-1: Fly out, F7 (Flyball, 7, EV 96.9 MPH)
|
Bottom of the 3rd over - 1 run, 0 hits, 1 error, 2 left on base; Port Royal 3 - Texas 6 |
TOP OF THE 4TH |
Port Royal Disaster batting - Pitching for Texas Bronze Sox : RHP Lewis Carter
|
Batting: SHB Aurelio Jiménez
|
0-0: SINGLE (Line Drive, 7S, EV 92.5 MPH)
|
Batting: RHB Javier López
|
0-0: Ball 1-0: Foul Ball, location: 2F 1-1: SINGLE (Groundball, 56D, EV 96.9 MPH) Aurelio Jiménez to second
|
Batting: RHB Ryan Faulkner
|
0-0: Ground out 5-3 (Groundball, 56S, EV 73.8 MPH) Aurelio Jiménez to third Javier López to second
|
Batting: LHB Ron Stewart
|
0-0: Called Strike 0-1: Ground out 4-3 (Groundball, 4M, EV 107.5 MPH) Aurelio Jiménez scores Javier López to third
|
Batting: RHB Sean Roberts
|
0-0: Ball 1-0: Foul Ball, location: 2F 1-1: Ground out 4-3 (Groundball, 4, EV 109.4 MPH)
|
Top of the 4th over - 1 run, 2 hits, 0 errors, 1 left on base; Port Royal 4 - Texas 6 |
BOTTOM OF THE 4TH |
Texas Bronze Sox batting - Pitching for Port Royal Disaster : LHP Domingo Montémayor
|
Batting: RHB José García
|
0-0: Ball 1-0: Ball 2-0: Ball 3-0: Base on Balls
|
Batting: RHB Riley Walker
|
0-0: Ball 1-0: Ball 2-0: Ball 3-0: Called Strike 3-1: Foul Ball, location: 2F 3-2: Strikes out looking José García steals 2nd base Batter strikes out.
|
Pitching: RHP Joe Louter
|
|
Batting: RHB Mitsuhide Bando
|
0-0: Called Strike 0-1: SINGLE (Groundball, 56D, EV 104.4 MPH) José García to third
|
Batting: SHB Barney Heise
|
0-0: Ball 1-0: Fly out, F7 (Flyball, 78D, EV 103.8 MPH) Runner from 3rd tags up, SCORES, throw by LF
|
Batting: RHB Mareka Naidoo
|
0-0: Called Strike 0-1: Fly out, F3 (Line Drive, 3, EV 70.6 MPH)
|
Bottom of the 4th over - 1 run, 1 hit, 0 errors, 1 left on base; Port Royal 4 - Texas 7 |
TOP OF THE 5TH |
Port Royal Disaster batting - Pitching for Texas Bronze Sox : RHP Lewis Carter
|
Batting: LHB Gabriel Amezquita
|
0-0: Ball 1-0: Called Strike 1-1: Swinging Strike 1-2: Strikes out swinging
|
Batting: SHB Júlio Morín Jr.
|
0-0: Ground out 4-3 (Groundball, 4, EV 89.4 MPH)
|
Batting: RHB Anson Darrah
|
0-0: Foul Ball, location: 2F 0-1: Ball 1-1: Ground out 4-3 (Groundball, 4, EV 106.2 MPH)
|
Top of the 5th over - 0 runs, 0 hits, 0 errors, 0 left on base; Port Royal 4 - Texas 7 |
BOTTOM OF THE 5TH |
Texas Bronze Sox batting - Pitching for Port Royal Disaster : RHP Joe Louter
|
Batting: LHB Joe Karnowski
|
0-0: Called Strike 0-1: Foul Ball, location: 2F 0-2: Ball 1-2: Foul Ball, location: 2F 1-2: Ground out 1-3 (Groundball, P, EV 90.0 MPH)
|
Batting: RHB Breanainn Swartwood
|
0-0: Foul Ball, location: 2F 0-1: Foul Ball, location: 2F 0-2: Foul Ball, location: 2F 0-2: Foul Ball, location: 2F 0-2: Ball 1-2: Foul Ball, location: 2F 1-2: Ball 2-2: Strikes out swinging
|
Batting: LHB Jayden Laming
|
0-0: Ball 1-0: Called Strike 1-1: Ball 2-1: Foul Ball, location: 2F 2-2: Ball 3-2: Foul Ball, location: 2F 3-2: SINGLE (Flyball, 89S, EV 93.8 MPH)
|
Batting: LHB Santiago Miranda
|
0-0: Ball 1-0: Fly out, F7 (Flyball, 7S, EV 86.2 MPH)
|
Bottom of the 5th over - 0 runs, 1 hit, 0 errors, 1 left on base; Port Royal 4 - Texas 7 |
TOP OF THE 6TH |
Port Royal Disaster batting - Pitching for Texas Bronze Sox : RHP Lewis Carter
|
Batting: RHB Vesa Karpinen
|
0-0: Called Strike 0-1: Called Strike 0-2: Ball 1-2: Foul Ball, location: 2F 1-2: Ball 2-2: Strikes out swinging
|
Batting: SHB Aurelio Jiménez
|
0-0: Ball 1-0: Called Strike 1-1: Foul Ball, location: 2F 1-2: Ball 2-2: Strikes out swinging
|
Batting: RHB Javier López
|
0-0: Ball 1-0: Called Strike 1-1: Ball 2-1: Foul Ball, location: 2F 2-2: Ball 3-2: Foul Ball, location: 2F 3-2: Base on Balls
|
Batting: RHB Ryan Faulkner
|
0-0: Called Strike 0-1: Swinging Strike 0-2: Ball 1-2: Foul Ball, location: 2F 1-2: Strikes out swinging
|
Top of the 6th over - 0 runs, 0 hits, 0 errors, 1 left on base; Port Royal 4 - Texas 7 |
BOTTOM OF THE 6TH |
Texas Bronze Sox batting - Pitching for Port Royal Disaster : RHP Joe Louter
|
Batting: RHB José García
|
0-0: Fly out, F7 (Line Drive, 7, EV 91.2 MPH)
|
Batting: RHB Riley Walker
|
0-0: Ball 1-0: Called Strike 1-1: Ball 2-1: Fly out, F8 (Line Drive, 8LM, EV 111.2 MPH)
|
Pitching: LHP Maurice Hilliard
|
|
Batting: RHB Mitsuhide Bando
|
0-0: Ground out 6-3 (Groundball, 6, EV 80.0 MPH)
|
Bottom of the 6th over - 0 runs, 0 hits, 0 errors, 0 left on base; Port Royal 4 - Texas 7 |
TOP OF THE 7TH |
Port Royal Disaster batting - Pitching for Texas Bronze Sox : RHP Lewis Carter
|
Batting: LHB Ron Stewart
|
0-0: Ball 1-0: Called Strike 1-1: Called Strike 1-2: Ball 2-2: Ball 3-2: Foul Ball, location: 2F 3-2: Foul Ball, location: 2F 3-2: SINGLE (Groundball, 34D, EV 105.6 MPH)
|
Pitching: RHP Currito Melena
|
|
Batting: RHB Sean Roberts
|
0-0: Ball 1-0: Called Strike 1-1: Ball 2-1: Foul Ball, location: 2F 2-2: Ball 3-2: Foul Ball, location: 2F 3-2: SINGLE (Line Drive, 6D, EV 108.1 MPH) Ron Stewart to second
|
Batting: LHB Gabriel Amezquita
|
0-0: Ball 1-0: Foul Ball, location: 2F 1-1: Ball 2-1: Ball 3-1: Ground out 4-3 (Groundball, 4S, EV 91.2 MPH) Ron Stewart to third Sean Roberts to second
|
Batting: SHB Júlio Morín Jr.
|
0-0: Ball 1-0: Called Strike 1-1: Called Strike 1-2: Ball 2-2: Foul Ball, location: 2F 2-2: Foul Ball, location: 2F 2-2: Hit by Pitch
|
Batting: RHB Anson Darrah
|
0-0: Ball 1-0: Ball 2-0: Called Strike 2-1: Swinging Strike 2-2: Ball 3-2: Strikes out swinging
|
Batting: RHB Vesa Karpinen
|
0-0: Ball 1-0: SINGLE (Line Drive, 78M, EV 97.5 MPH) Ron Stewart scores Sean Roberts to third Júlio Morín Jr. to second Runner from 3rd tries for Home, SAFE, throw by LF to home
|
Batting: SHB Aurelio Jiménez
|
0-0: Fly out, F4 (Popup, 4M, EV 70.0 MPH)
|
Top of the 7th over - 2 runs, 3 hits, 0 errors, 2 left on base; Port Royal 6 - Texas 7 |
BOTTOM OF THE 7TH |
Texas Bronze Sox batting - Pitching for Port Royal Disaster : LHP Maurice Hilliard
|
Batting: SHB Barney Heise
|
0-0: Called Strike 0-1: Ball 1-1: Ball 2-1: Foul Ball, location: 2F 2-2: Ball 3-2: Foul Ball, location: 2F 3-2: Foul Ball, location: 2F 3-2: Strikes out swinging
|
Batting: RHB Mareka Naidoo
|
0-0: Ball 1-0: Ground out 6-3 (Groundball, 6, EV 81.9 MPH)
|
Batting: LHB Joe Karnowski
|
0-0: Ball 1-0: Ball 2-0: Foul Ball, location: 2F 2-1: SINGLE (Groundball, 4D, EV 101.9 MPH)
|
Batting: RHB Breanainn Swartwood
|
0-0: Called Strike 0-1: Called Strike Joe Karnowski steals 2nd base 0-2: Ball 1-2: Ball 2-2: Ball 3-2: Base on Balls
|
Pitching: RHP Chenor Njie
|
|
Batting: LHB Jayden Laming
|
0-0: Ball 1-0: Called Strike 1-1: SINGLE (Groundball, 4D, EV 102.5 MPH) Joe Karnowski to third Breanainn Swartwood to second Runner from 3rd tries for Home, SAFE, no throw by RF
|
Batting: LHB Santiago Miranda
|
0-0: Ball 1-0: Ball 2-0: Called Strike 2-1: Foul Ball, location: 2F 2-2: Foul Ball, location: 2F 2-2: SINGLE (Line Drive, 78M, EV 86.2 MPH) Breanainn Swartwood to third Jayden Laming to second Runner from 3rd tries for Home, throw by CF and OUT! 8-2
|
Bottom of the 7th over - 1 run, 3 hits, 0 errors, 2 left on base; Port Royal 6 - Texas 8 |
TOP OF THE 8TH |
Port Royal Disaster batting - Pitching for Texas Bronze Sox : RHP Currito Melena
|
Batting: RHB Javier López
|
0-0: Called Strike 0-1: Ground out 6-3 (Groundball, 56, EV 91.2 MPH)
|
Batting: RHB Ryan Faulkner
|
0-0: Fly out, F9 (Flyball, 89M, EV 91.9 MPH)
|
Batting: LHB Ron Stewart
|
0-0: Called Strike 0-1: Ball 1-1: Foul Ball, location: 2F 1-2: SINGLE (Line Drive, 89S, EV 91.9 MPH)
|
Batting: RHB Sean Roberts
|
0-0: Fly out, F8 (Flyball, 78S, EV 90.0 MPH)
|
Top of the 8th over - 0 runs, 1 hit, 0 errors, 1 left on base; Port Royal 6 - Texas 8 |
BOTTOM OF THE 8TH |
Texas Bronze Sox batting - Pitching for Port Royal Disaster : RHP Chenor Njie
|
Batting: RHB José García
|
0-0: Called Strike 0-1: Ball 1-1: Called Strike 1-2: Ground out U3 (Groundball, 3S, EV 86.2 MPH)
|
Batting: RHB Riley Walker
|
0-0: Called Strike 0-1: Ball 1-1: Ball 2-1: Called Strike 2-2: Ball 3-2: Foul Ball, location: 2F 3-2: SINGLE (Flyball, 89M, EV 93.8 MPH)
|
Batting: RHB Mitsuhide Bando
|
0-0: Ball 1-0: Called Strike 1-1: Ball 2-1: Fly out, F9 (Flyball, 89S, EV 86.2 MPH)
|
Batting: SHB Barney Heise
|
0-0: Ball 1-0: Ball 2-0: Foul Ball, location: 2F 2-1: Foul Ball, location: 2F 2-2: Fly out, F9 (Flyball, 9, EV 83.1 MPH)
|
Bottom of the 8th over - 0 runs, 1 hit, 0 errors, 1 left on base; Port Royal 6 - Texas 8 |
TOP OF THE 9TH |
Port Royal Disaster batting - Pitching for Texas Bronze Sox : RHP Currito Melena
|
Pitching: RHP Manuel Torres
|
|
Now at 2B: Takahiro Suzuki
|
|
Batting: LHB Gabriel Amezquita
|
0-0: Swinging Strike 0-1: Ball 1-1: Ball 2-1: Ball 3-1: SINGLE (Line Drive, 56D, EV 98.8 MPH)
|
Batting: SHB Júlio Morín Jr.
|
0-0: Ball 1-0: Ball 2-0: Foul Ball, location: 2F 2-1: Foul Ball, location: 2F 2-2: Foul Ball, location: 2F 2-2: Strikes out looking
|
Batting: RHB Anson Darrah
|
0-0: Ball 1-0: Called Strike 1-1: Swinging Strike 1-2: Ball 2-2: Fielders Choice at 2nd, 1-6 (Groundball, 34S, EV 92.5 MPH)
|
Batting: RHB Vesa Karpinen
|
0-0: Ball 1-0: Ball 2-0: Ground out 4-3 (Groundball, 34, EV 85.0 MPH)
|
Top of the 9th over - 0 runs, 1 hit, 0 errors, 1 left on base; Port Royal 6 - Texas 8 |
|